 Dungeon Crawl Stone Soup version 0.26-a0-663-g36e8fdb655 (webtiles) character file.

Game seed: 17693354188043922183

21 flotson the Covert (level 2, 0/18 HPs)
             Began as a Vampire Delver on Oct 10, 2020.
             Slain by an orc priest
             ... wielding a cursed -2 hand axe
              (3 damage)
             ... on level 3 of the Dungeon.
             The game lasted 00:01:59 (589 turns).

flotson the Covert (Vampire Delver)                  Turns: 589, Time: 00:01:59

Health: 0/18       AC:  3    Str: 11    XL:     2   Next: 65%
Magic:  2/2        EV: 12    Int: 12    God:
Gold:   37         SH:  0    Dex: 15    Spells: 1/1 levels left

rFire    x . .     SeeInvis +   g - +0 long sword
rCold    + + +     Faith    .   (no shield)
rNeg     + + +     Spirit   .   a - +0 leather armour
rPois    ∞         Reflect  .   (no helmet)
rElec    .         Harm     .   (no cloak)
rCorr    .         Rampage  .   (no gloves)
MR       .....                  (no boots)
Stlth    +++++++...             (no amulet)
HPRegen  0.00/turn              m - ring of stealth
MPRegen  0.08/turn              l - ring of ice

@: bloodless
A: fangs 3, see invisible, unbreathing
a: Revivify


You were on level 3 of the Dungeon.
You visited 1 branch of the dungeon, and saw 3 of its levels.

You collected 37 gold pieces.

Inventory:

Hand Weapons
 g - a +0 long sword (weapon)
Armour
 a - a +0 leather armour (worn)
Jewellery
 k - an uncursed ring of see invisible
 l - a ring of ice (right hand)
 m - a ring of stealth (left hand)
Wands
 f - a wand of digging (3)
Scrolls
 b - 2 scrolls of fog
 c - a scroll of magic mapping
 d - a scroll of fear
 h - a scroll of identify {unknown}
 i - a scroll of amnesia
 n - a scroll of teleportation {unknown}
Potions
 e - a potion of haste
 j - a potion of flight {unknown}


   Skills:
 + Level 2.7 Fighting
 + Level 0.2 Long Blades
 + Level 2.4 Dodging
 + Level 8.1 Stealth
 + Level 2.2 Unarmed Combat


You had one spell level left.
You didn't know any spells.
Your spell library was empty.

Dungeon Overview and Level Annotations

Branches:
Dungeon (5/15)
 Temple: D:4-7

Altars:
Trog

Shops:
D:4 [


Innate Abilities, Weirdness & Mutations

You do not regenerate when monsters are visible.
You are frail without blood (-20% HP).
You can heal yourself when you bite living creatures.
You are immune to poison.
You have razor-sharp teeth.
You have supernaturally acute eyesight. (SInv)
You can survive without breathing.


Message History

The hobgoblin hits you.
Unknown command.
You hit the orc priest but do no damage.
The orc priest is severely wounded.
The orc priest hits you with a cursed -2 hand axe.
The hobgoblin hits you.
The orc priest hits you but does no damage.
You hit the orc priest but do no damage.
The orc priest is severely wounded.
The hobgoblin hits you.
* * * LOW HITPOINT WARNING * * *
The orc priest completely misses you.
A goblin comes into view. It is wielding a +0 dagger.
The hobgoblin misses you.
You riposte.
You barely miss the hobgoblin.
The goblin shouts!
You bite the hobgoblin, but do no damage.
You closely miss the orc priest. Your bite misses the orc priest.
The orc priest is severely wounded.
The orc priest hits you with a cursed -2 hand axe.
You die...

#.#####
.....#
#....#
#....##
.....
#..g#
#.g.#
#.@.#
#..o#
#...#
#...#
#####


You could see an orc priest, a hobgoblin and a goblin.

Vanquished Creatures
  An adder (D:4)
  An adder skeleton (D:4)
  An orc (D:5)
  5 jackals
8 creatures vanquished.

Notes
Turn   | Place    | Note
-------+----------+-------------------------------------------
     0 | D:5      | flotson the Vampire Delver began the quest for the Orb.
     0 | D:5      | Reached XP level 1. HP: 17/17 MP: 1/1
    48 | D:5      | Found a bloodstained altar of Trog.
   193 | D:4      | Found Wooleot's Armour Shoppe.
   232 | D:4      | Reached XP level 2. HP: 18/18 MP: 2/2
   286 | D:4      | Reached skill level 8 in Stealth
   589 | D:3      | Slain by an orc priest

Illustrated notes

Levels and vault maps discovered:
D:3:      layout_rooms, nicolae_ru_great_annihilating_truth, lemuel_round_altar,
          overflow_temple_1_default, marbit_many_paths, elyvilon_altar_3,
          portal_sewer_entry_e, grunt_ministairs_15, wad_rectangle_vault
D:4:      layout_loops_ring, serial_shops, shop_fountains, minmay_diced_spiral
D:5:      layout_basic, overflow_temple_1_default, lemuel_crystal_altar,
          minmay_temple_entry_nine_rooms, minmay_guarded_unrand_staff_of_olgreb,
          uniq_grinder

Skill      XL: |  1  2 |
---------------+-------+-----
Stealth        | 8 |  8.1
Fighting       | |  2.7
Long Blades    | |  0.2
Dodging        | |  2.4
Unarmed Combat | |  2.2

Action                   || total
-------------------------++-------
Melee: Long sword        ||    16
       Rapier            ||     8
       Bite              ||     4
 Abil: Exsanguinate      ||     1
  Use: Scroll            ||     2
 Stab: Sleeping          ||     4
Armor: Leather armour    ||     5
Dodge: Dodged            ||    18
       Rpst.: Long sword ||     3

Table legend: (Time is in decaauts)
 A = Elapsed time spent in this place.
 B = Non-inter-level travel time spent in this place.
 C = Inter-level travel time spent in this place.
 D = Time resting spent in this place.
 E = Time spent auto-exploring this place.
 F = Levels seen in this place.
 G = Mean time per level.
                   A        B        C        D        E       F      G
               +--------+--------+--------+--------+--------+-----+--------+
         Total |    592 |    592 |      0 |      0 |    470 |   3 |  197.3 |
       Dungeon |    592 |    592 |      0 |      0 |    470 |   3 |  197.3 |
               +--------+--------+--------+--------+--------+-----+--------+

Top non-repeatable levels by time:
     D:4: 414 daAuts
     D:5: 167 daAuts
     D:3: 10 daAuts
